 Dungeon Crawl Stone Soup version 0.18.1-5-g4a78601 (webtiles) character file.

100 shmeve the Skirmisher (level 4, 34/41 HPs)
             Began as a Minotaur Berserker on May 11, 2016.
             Was a Believer of Trog.
             Quit the game on level 3 of the Dungeon.
             The game lasted 00:03:29 (1884 turns).

shmeve the Skirmisher (Minotaur Berserker)          Turns: 1884, Time: 00:03:30

Health: 34/41      AC:  2    Str: 22    XL:     4   Next: 46%
Magic:  3/3        EV: 12    Int:  5    God:    Trog [**....]
Gold:   91         SH:  0    Dex:  9    Spells: 0 memorised, 3 levels left

rFire  . . .     SeeInvis .     n - -1 hand axe (curse)
rCold  . . .     Gourm    .     b - +0 animal skin
rNeg   . . .     Faith    .     (no shield)
rPois  .         Spirit   .     (helmet restricted)
rElec  .         Dismiss  .     (no cloak)
rCorr  .         Reflect  .     (no gloves)
SustAt .         Harm     .     (no boots)
MR     .....                    (no amulet)
Stlth  +.........               (no ring)
                                (no ring)

@: not resistant to hostile enchantments, very unstealthy
A: retaliatory headbutt, horns 2
a: Berserk, Trog's Hand, Burn Spellbooks, Renounce Religion


You were on level 3 of the Dungeon.
You worshipped Trog.
Trog was pleased with you.
You were not hungry.

You visited 1 branch of the dungeon, and saw 3 of its levels.

You collected 91 gold pieces.

Inventory:

Hand Weapons
 a - a +0 hand axe
 n - a cursed -1 hand axe (weapon)
Armour
 b - a +0 animal skin (worn)
Scrolls
 d - 2 scrolls of immolation {unknown}
 f - 2 scrolls of identify {unknown}
 g - a scroll of fog {unknown}
 i - a scroll of magic mapping {unknown}
 k - a scroll of amnesia {unknown}
 l - a scroll of noise {unknown}
Potions
 e - a potion of brilliance {unknown}
 h - a potion of might {unknown}
 m - a potion of haste {unknown}
Comestibles
 c - a bread ration
 j - a slice of pizza


   Skills:
 * Level 4.6 Fighting
 * Level 4.5 Axes
 + Level 1.2 Throwing
 + Level 3.2 Armour
 + Level 2.7 Dodging


You had 3 spell levels left.
You didn't know any spells.

Dungeon Overview and Level Annotations

Branches:
Dungeon (3/15)

Altars:
The Shining One


Innate Abilities, Weirdness & Mutations

You reflexively headbutt those who attack you in melee.
You have a pair of horns on your head.


Message History

You hit the hobgoblin.
You kill the hobgoblin!
Trog accepts your kill.
An orc comes into view. It is wielding an enchanted hand axe.
Things that are here:
a club; a ring mail
Found a bread ration.
You barely miss the orc. You headbutt the orc, but do no damage.
The orc closely misses you. You furiously retaliate!
You headbutt the orc!
You kill the orc!
Trog accepts your kill.
Things that are here:
an enchanted hand axe; a scale mail; an orc corpse
Things that are here:
an enchanted hand axe; a scale mail; an orc corpse
n - an enchanted hand axe Wield which item (- for none, * to show all)? (? for menu, Esc to quit)
It sticks to your hand!
n - a cursed -1 hand axe (weapon)
Are you sure you want to abandon this character and quit the game? (Confirm with "yes".)

...##..#####......#
# ###.## #......# #
#....# #......# #
#....## #......#
#..)(.# #......#
#..)..###+##....
.%.##..........
...............
#.#####@.......
#........##+#
#.....##.# #.....#
..# #...... ....
.....#.. ....
......#... .#.
......#...
......#....


There were no monsters in sight!

Vanquished Creatures
  A gnoll (D:1)
  2 adders
  2 oozes
  2 worms (D:2)
  A dart slug (D:2)
  3 giant geckos
  An orc (D:3)
  3 giant cockroaches
  9 hobgoblins
  4 jackals (D:1)
  4 kobolds
  4 quokkas (D:2)
  5 bats
  3 giant newts
  3 goblins
  2 rats (D:2)
49 creatures vanquished.

Notes
Turn   | Place    | Note
--------------------------------------------------------------
     0 | D:1      | shmeve the Minotaur Berserker began the quest for the Orb.
     0 | D:1      | Reached XP level 1. HP: 19/19 MP: 0/0
    38 | D:1      | Reached XP level 2. HP: 20/27 MP: 1/1
   308 | D:1      | Reached XP level 3. HP: 34/34 MP: 2/2
   619 | D:1      | Reached ** piety under Trog
   709 | D:2      | Found a glowing golden altar of the Shining One.
  1325 | D:2      | Reached XP level 4. HP: 41/41 MP: 3/3
  1372 | D:2      | Reached skill level 1 in Throwing
  1884 | D:3      | Quit the game

Skill      XL: |  1  2  3  4 |
---------------+-------------+-----
Fighting       | 4 |  4.6
Axes           | 4 |  4.5
Armour         | 3 |  3.2
Throwing       | 1 |  1.2
Dodging        | |  2.7

Action                   |  1- 3 |  4- 6 || total
-------------------------+-------+-------++-------
Melee: Hand axe          |    87 |    26 ||   113
       Headbutt          |    14 |     5 ||    19
 Stab: Distracted        |     1 |       ||     1
  Eat: Chunk             |     1 |     2 ||     3
Armor: Animal skin       |     7 |    10 ||    17
Dodge: Dodged            |    46 |    25 ||    71
